 Dungeon Sprint DCSS version 0.27-a0-1090-gb115f176c6 (webtiles) character file.

Game seed: 8967577932599329226

2665 mhtbhm the Scorcher (level 9, -25/45 HPs)
             Began as a Deep Elf Fire Elementalist on Apr 27, 2021.
             Was the Champion of Vehumet.
             Annihilated by a +4 glaive of protection (28 damage)
             ... in the Dungeon (Sprint V: "Ziggurat Sprint").
             The game lasted 00:03:09 (510 turns).

mhtbhm the Scorcher (Deep Elf Fire Elementalist)     Turns: 510, Time: 00:03:09

Health: -25/45     AC:  5    Str:  5    XL:     9   Next: 36%
Magic:  15/28      EV: 16    Int: 36    God:    Vehumet [******]
Gold:   0          SH:  0    Dex: 15    Spells: 14/35 levels left

rFire    + . .     SeeInvis .   C - +8 lance "Wyrmbane" {slay drac, rPois rF+ rC+ AC+3}
rCold    + . .     Faith    .   (no shield)
rNeg     . . .     Spirit   .   a - +0 robe
rPois    +         Reflect  .   (no helmet)
rElec    .         Harm     .   (no cloak)
rCorr    .         Rampage  .   (no gloves)
Will     .....     NoTele   +   (no boots)
Stlth    +++.......             (no amulet)
HPRegen  0.15/turn              u - +6 ring of intelligence
MPRegen  0.21/turn              v - +6 ring of intelligence

@: no status effects
A: no striking features
a: Renounce Religion


You were in the Dungeon.
You worshipped Vehumet.
Vehumet was exalted by your worship.
You visited 1 branch

Inventory:

Hand Weapons
 C - the +8 lance "Wyrmbane" (weapon) {slay drac, rPois rF+ rC+ AC+3}
   (You found it in the Dungeon)

   It affects your AC (+3).
   It protects you from fire.
   It protects you from cold.
   It protects you from poison.
Armour
 a - a +0 robe (worn)
Jewellery
 u - a +6 ring of intelligence (left hand)
 v - a +6 ring of intelligence (right hand)
Wands
 y - a wand of mindburst (6)
 z - a wand of iceblast (3)
 A - a wand of acid (5)
Scrolls
 h - 2 scrolls of blinking
 m - 4 scrolls of amnesia
 n - 7 scrolls of fog
 o - a scroll of holy word
 p - 5 scrolls of identify
 q - 2 scrolls of fear
 t - 5 scrolls of brand weapon
Potions
 b - 2 potions of brilliance
 c - 9 potions of curing
 d - 10 potions of heal wounds
 e - 6 potions of haste
 f - 7 potions of magic
 g - 3 potions of berserk rage
 i - 2 potions of invisibility
 j - 4 potions of resistance
 k - a potion of experience
 l - 5 potions of might
Miscellaneous
 r - a phantom mirror
 s - a tin of tremorstones (1/2)
 B - a lightning rod (4/4)


   Skills:
 + Level 8.8 Dodging
 - Level 5.9 Stealth
 + Level 13.7 Spellcasting
 + Level 5.3 Conjurations
 + Level 15.9 Fire Magic
 + Level 7.0 Evocations


You had 14 spell levels left.
You knew the following spells:

 Your Spells              Type           Power      Damage    Failure   Level
a - Foxfire               Conj/Fire      100%       2x1d9     0%          1
b - Conjure Flame         Conj/Fire      79%        6-21      1%          3
c - Inner Flame           Hex/Fire       70%        N/A       1%          3
d - Sticky Flame          Conj/Fire      79%        2d9       1%          4
e - Fireball              Conj/Fire      39%        3d16      1%          5
f - Lee's Rapid Deconstr  Erth           12%        3d9*      12%         5

Your spell library contained the following spells:

 Spells                   Type           Power      Damage    Failure   Level
 Mephitic Cloud           Conj/Pois/Air  37%        N/A       1%          3
 Passwall                 Tmut/Erth      20%        N/A       2%          2
 Gell's Gravitas          Tloc           12%        N/A       4%          3
 Portal Projectile        Hex/Tloc       48%        N/A       4%          3
 Swiftness                Air            24%        N/A       4%          3
 Passage of Golubria      Tloc           N/A        N/A       16%         4
 Manifold Assault         Tloc           24%        N/A       41%         5
 Dispersal                Tloc           12%        N/A       94%         6
 Invisibility             Hex            24%        N/A       94%         6
 Disjunction              Tloc           12%        N/A       100%        8


Dungeon Overview and Level Annotations

Branches:
Dungeon (1/1)

Altars:
Ashenzari
Cheibriados
Dithmenos
Elyvilon
Fedhas
Gozag
Hepliaklqana
Kikubaaqudgha
Makhleb
Nemelex Xobeh
Okawaru
Qazlal
Ru
Sif Muna
Trog
Uskayaw
Vehumet
Wu Jian
Xom
Yredelemnul
Zin
The Shining One
Beogh
Jiyva
Lugonu

Annotations:
D 1 transporter


Message History

Aim: a deep elf pyromancer, wielding a +0 rapier and wearing a +0 ring mail (heavily wounded, 67% to hit)
The bolt of acid hits the fire elemental!
The fire elemental is splashed with acid!
The fire elemental is severely damaged.
The bolt of acid hits the deep elf pyromancer!!
The deep elf pyromancer is splashed with acid.
You kill the deep elf pyromancer!
Vehumet accepts your kill.
You feel your power returning.
The +4 glaive of protection hits you from afar.
Your Conjurations skill increases to level 5!
Your Evocations skill increases to level 7!
Unknown command.
Unknown command.
Aiming: Iceblast
Press: ? - help, Shift-Dir - straight line
Okay, then.
Blink to where?
Press: ? - help, Dir - move target
As you read the scroll of blinking, it crumbles to dust.
Unknown command.
Aiming: Corrosive Bolt
Press: ? - help, Shift-Dir - straight line, f - +4 glaive of protection
Aim: a +4 glaive of protection (51% to hit)
The bolt of acid misses the +4 glaive of protection.
Unknown command.
Unknown command.
The tremorstone explodes into fragments!
The burst of rock shards engulfs the +4 glaive of protection but does no damage.
The burst of rock shards engulfs you!!
The burst of rock shards engulfs the fire elemental!
You destroy the fire elemental!
Vehumet accepts your kill.
The burst of rock shards engulfs the +4 glaive of protection but does no damage.
The burst of rock shards engulfs you!!
* * * LOW HITPOINT WARNING * * *
The burst of rock shards engulfs the +4 glaive of protection!
The +4 glaive of protection hits you from afar!!
Ouch! That really hurt!
You die...

▓..}.)..▓
▓.......▓
▓.......▓
▓.......▓
▓.......▓
▓.▓...▓.▓
▓...©...▓
▓▓▓▓▓▓▓▓▓
▓@.8©8..▓
▓..=::°§▓
▓..()}.○▓
▓.......▓
▓......○▓
▓......)▓
▓.......▓
▓.......▓
▓...©...▓


You could see a +4 glaive of protection.

Vanquished Creatures
  A deep elf archer (D)
  A deep elf pyromancer (D)
  An eye of devastation (D)
  A slime creature (D)
  2 air elementals (D)
  A fire elemental (D)
  3 golden eyes (D)
  A floating eye (D)
  2 necrophages (D)
  2 phantoms (D)
  3 jellies (D)
  2 orc priests (D)
  An orc wizard (D)
  A shadow imp (D)
  A white imp (D)
  An ufetubus (D)
  3 orcs (D)
  An endoplasm (D)
  A quokka skeleton (D)
29 creatures vanquished.

Notes
Turn   | Place    | Note
-------+----------+-------------------------------------------
     0 | D        | mhtbhm the Deep Elf Fire Elementalist began the quest for
                  | the Orb.
     0 | D        | Reached XP level 1. HP: 10/10 MP: 6/6
     0 | D        | Found a shimmering blue altar of Sif Muna.
     0 | D        | Found a bloodstained altar of Trog.
     0 | D        | Found a sacrificial altar of Ru.
     0 | D        | Found a stormy altar of Qazlal.
     0 | D        | Found an iron altar of Okawaru.
     1 | D        | Found a sparkling altar of Nemelex Xobeh.
     1 | D        | Found a blossoming altar of Fedhas.
     2 | D        | Found the +6 Majin-Bo {vamp, MP+6 Int+6}
     2 | D        | Found the +9 heavy crossbow "Sniper" {vorpal, Acc+∞ SInv}
     2 | D        | Found the +10 dark maul {vorpal}
     2 | D        | Found the +15 Maxwell's patent armour {-Cast -Tele rElec
                  | Will+ rCorr}
     2 | D        | Found the +18 shield of the Gong {rElec rN+ Will+ EV-5}
     2 | D        | Found the +14 obsidian axe {vorpal, Drain Fly SInv}
     2 | D        | Found the +7 great mace "Firestarter" {inner flame, rF++}
     2 | D        | Found the +6 shillelagh "Devastator" {shatter}
     2 | D        | Found the +11 plutonium sword {Contam Stlth-}
     2 | D        | Found the +8 lance "Wyrmbane" {slay drac, rPois rF+ rC+
                  | AC+3}
     2 | D        | Found the +9 sword of Zonguldrok {reap}
     2 | D        | Found the +13 scythe of Curses {drain, Drain}
     2 | D        | Found the +5 sword of Power {vorpal}
     2 | D        | Found the +7 mace of Variability {chain chaos}
     2 | D        | Found the +7 Singing Sword {vorpal, sonic wave}
     2 | D        | Found the +8 storm bow {elec, penet}
     3 | D        | Found a transporter.
     3 | D        | Found an ancient bone altar of Kikubaaqudgha.
     3 | D        | Found a viscous altar of Jiyva.
     3 | D        | Found a corrupted altar of Lugonu.
     3 | D        | Found a hazy altar of Hepliaklqana.
     3 | D        | Found a burning altar of Makhleb.
     3 | D        | Found an opulent altar of Gozag.
    52 | D        | Became a worshipper of Vehumet
    66 | D        | Entered arena 2.
    66 | D        | Found a transporter.
    69 | D        | Reached skill level 4 in Fire Magic
    82 | D        | Entered arena 3.
    82 | D        | Found a transporter.
    83 | D        | Reached * piety under Vehumet
    83 | D        | Offered knowledge of Sandblast by Vehumet.
    84 | D        | Reached XP level 2. HP: 12/15 MP: 7/9
    87 | D        | Reached skill level 5 in Spellcasting
    87 | D        | Reached skill level 5 in Fire Magic
   131 | D        | Entered arena 4.
   131 | D        | Noticed a floating eye
   131 | D        | Found a transporter.
   132 | D        | Reached ** piety under Vehumet
   133 | D        | Reached skill level 6 in Fire Magic
   133 | D        | Reached skill level 1 in Evocations
   133 | D        | Reached XP level 3. HP: 19/19 MP: 12/12
   133 | D        | Killed a floating eye
   134 | D        | Reached skill level 5 in Stealth
   134 | D        | Reached skill level 9 in Fire Magic
   134 | D        | Reached XP level 4. HP: 24/24 MP: 13/15
   134 | D        | Reached XP level 5. HP: 28/28 MP: 13/16
   138 | D        | Learned a level 3 spell: Conjure Flame
   142 | D        | Learned a level 3 spell: Inner Flame
   147 | D        | Learned a level 4 spell: Sticky Flame
   153 | D        | Learned a level 5 spell: Fireball
   157 | D        | Got the ring "Zits" {rF+ Will+ SInv Stlth+}
   269 | D        | Entered arena 5.
   269 | D        | Found a transporter.
   270 | D        | Offered knowledge of Static Discharge by Vehumet.
   270 | D        | Reached *** piety under Vehumet
   271 | D        | Reached skill level 5 in Dodging
   271 | D        | Reached skill level 10 in Fire Magic
   271 | D        | Reached XP level 6. HP: 32/32 MP: 13/19
   280 | D        | Got the amulet of the Aged Howling Wars {Spirit Rampage rC+
                  | MP-9}
   284 | D        | Entered arena 6.
   284 | D        | Found a transporter.
   285 | D        | Reached **** piety under Vehumet
   287 | D        | Reached skill level 11 in Fire Magic
   288 | D        | Reached ***** piety under Vehumet
   289 | D        | Reached skill level 10 in Spellcasting
   289 | D        | Reached skill level 12 in Fire Magic
   289 | D        | Reached XP level 7. HP: 36/36 MP: 8/22
   369 | D        | Entered arena 7.
   369 | D        | Noticed a slime creature
   369 | D        | Noticed a golden eye
   369 | D        | Noticed a golden eye
   369 | D        | Noticed a golden eye
   369 | D        | Noticed an eye of devastation
   370 | D        | Found the +7 Spriggan's Knife {stab, EV+4 Stlth+}
   370 | D        | Killed a golden eye
   370 | D        | Killed a golden eye
   371 | D        | Reached skill level 13 in Fire Magic
   371 | D        | Killed a golden eye
   372 | D        | Reached skill level 5 in Evocations
   372 | D        | Reached XP level 8. HP: 41/41 MP: 17/25
   375 | D        | Killed a slime creature
   376 | D        | Killed an eye of devastation
   377 | D        | Reached skill level 14 in Fire Magic
   377 | D        | Found a transporter.
   476 | D        | Learned a level 5 spell: Lee's Rapid Deconstruction
   500 | D        | Entered arena 8.
   500 | D        | Noticed a deep elf pyromancer
   500 | D        | Noticed an air elemental
   500 | D        | Noticed a deep elf archer
   500 | D        | Noticed a +4 glaive of protection
   500 | D        | Noticed an air elemental
   502 | D        | Killed an air elemental
   502 | D        | Offered knowledge of Mephitic Cloud by Vehumet.
   502 | D        | Killed an air elemental
   502 | D        | Reached ****** piety under Vehumet
   504 | D        | Found a transporter.
   506 | D        | Killed a deep elf archer
   507 | D        | Reached skill level 15 in Fire Magic
   507 | D        | Reached XP level 9. HP: 45/45 MP: 12/28
   507 | D        | Killed a deep elf pyromancer
   508 | D        | Reached skill level 5 in Conjurations
   510 | D        | Annihilated by a +4 glaive of protection

Illustrated notes

Levels and vault maps discovered:
D:        sprint_v [room_start, room_1, room_2, room_3, room_4, room_5, room_6,
          room_7, room_8, room_9, room_10, room_11, room_12, room_13, room_14,
          room_15, room_16, room_17, room_18, room_19, room_20, room_21,
          room_22, room_23, room_24, room_25, room_26, room_27]

Skill      XL: |  1  2  3  4  5  6  7  8  9 |
---------------+----------------------------+-----
Fire Magic     | 4 6 9 10 12 13 15 | 15.9
Spellcasting   | 4 5 7 8 10 11 13 | 13.7
Stealth        | 4 5 |  5.9
Dodging        | 3 4 5 6 7 8 |  8.8
Evocations     | 1 2 3 4 5 6 7 |  7.0
Conjurations   | 2 3 4 5 |  5.3

Action                   |  1- 3 |  4- 6 |  7- 9 || total
-------------------------+-------+-------+-------++-------
 Cast: Fireball          |       |     3 |     7 ||    10
       Sticky Flame      |       |     1 |     2 ||     3
Evoke: Lightning rod     |     4 |       |     2 ||     6
       Wand              |     4 |     1 |     2 ||     7
       Tin of tremorston |       |       |     1 ||     1
  Use: Scroll            |       |       |     2 ||     2
       Potion            |       |       |     1 ||     1
Dodge: Dodged            |       |       |     3 ||     3

Table legend: (Time is in decaauts)
 A = Elapsed time spent in this place.
 B = Non-inter-level travel time spent in this place.
 C = Inter-level travel time spent in this place.
 D = Time resting spent in this place.
 E = Time spent auto-exploring this place.
 F = Levels seen in this place.
 G = Mean time per level.
                   A        B        C        D        E       F      G
               +--------+--------+--------+--------+--------+-----+--------+
         Total |    508 |    508 |      0 |    319 |      0 |   1 |  508.0 |
       Dungeon |    508 |    508 |      0 |    319 |      0 |   1 |  508.0 |
               +--------+--------+--------+--------+--------+-----+--------+

Top non-repeatable levels by time:
       D: 508 daAuts
